 Dungeon Crawl Stone Soup version 0.26.1-10-gdfb7c7de75 (webtiles) character file.

Game seed: 5761009157293693836

28 moonlapse the Sneak (level 3, 0/31 HPs)
             Began as a Draconian Brigand on Apr 12, 2021.
             Splashed by a jelly's acid (9 damage)
             ... on level 2 of the Dungeon.
             The game lasted 00:04:32 (1056 turns).

moonlapse the Sneak (Draconian Brigand)             Turns: 1056, Time: 00:04:33

Health: 0/31       AC:  2    Str: 13    XL:     3   Next: 0%
Magic:  3/3        EV:  9    Int: 12    God:
Gold:   107        SH:  7    Dex: 12    Spells: 2/2 levels left

rFire    . . .     SeeInvis .   r - +0 falchion
rCold    . . .     Faith    .   q - +0 kite shield
rNeg     . . .     Spirit   .   (armour unavailable)
rPois    .         Reflect  .   (helmet restricted)
rElec    .         Harm     .   b - +0 cloak
rCorr    .         Rampage  .   (no gloves)
Will     .....                  (no boots)
Stlth    ++........             (no amulet)
HPRegen  0.10/turn              (no ring)
MPRegen  0.08/turn              (no ring)

@: corroded, slowed, very slow
A: unfitting armour, cold-blooded, AC +5
a: no special abilities


You were on level 2 of the Dungeon.
You visited 1 branch of the dungeon, and saw 2 of its levels.

You collected 107 gold pieces.


Innate Abilities, Weirdness & Mutations

Your plain brown scales are hard. (AC +5)
You cannot fit into any form of body armour.
You are cold-blooded and may be slowed by cold attacks.


   Skills:
 - Level 3.4 Fighting
 - Level 2.0 Short Blades
 + Level 0.0(1.1) Long Blades
 - Level 1.8 Throwing
 - Level 1.0 Dodging
 - Level 3.6 Stealth
 + Level 0.9 Shields


You had 2 spell levels left.
You didn't know any spells.
Your spell library was empty.

Inventory:

Hand Weapons
 r - a +0 falchion (weapon)
Missiles
 c - 17 poisoned darts (quivered)
 d - 2 curare-tipped darts {=f}
Armour
 b - a +0 cloak (worn)
 q - a +0 kite shield (worn)
Jewellery
 m - an uncursed ring of stealth {unknown}
 p - an uncursed ring of resist corrosion {unknown}
Scrolls
 g - a scroll of fear {unknown}
 h - a scroll of remove curse {unknown}
 j - a scroll of identify {unknown}
 k - 2 scrolls of random uselessness {unknown}
 o - a scroll of noise {unknown}
Potions
 e - a potion of attraction {unknown}
 f - a potion of ambrosia {unknown}
 i - a potion of degeneration {unknown}
 l - a potion of berserk rage {unknown}
 n - 2 potions of brilliance {unknown}

Dungeon Overview and Level Annotations

Branches:
Dungeon (2/15)

Altars:

Annotations:
D:2 Jessica

..### ###.####.... ....
#<.r....@.. .
#..##.##...... .?
#..#.g#####... ...
#.....g.(##.## ....
#....###.##..#.....
####...## #.r.........
......#..######........
.###........@Jr........
#.##....######.#.... #
#.##.....#...#######
#..##.###.#.#.......#
...###...#...>..)....#
..## ###...###.......#
#....######<..##.......#
.. #...........#.......#
#######.##.(..(..)..#


You could see a jelly and a quokka.


Message History

You hear a shout! x2
The jelly quivers.
You hit the goblin.
You kill the goblin!
You have reached level 3!
Your experience leads to an increase in your attributes!
Increase (S)trength, (I)ntelligence, or (D)exterity?
Uppercase letters only, please.
You feel clever.
Your scales feel tougher.
You hit the jelly but do no damage.
Your hands burn!
You tail-slap the jelly.
The jelly is lightly wounded.
The jelly hits you.
You are splashed with acid!
The jelly closely misses you.
You hit the jelly.
Your hands burn!
You tail-slap the jelly, but do no damage.
The jelly is lightly wounded.
The quokka bites you but does no damage.
A goblin comes into view. It is wielding a +0 club.
The jelly hits you. The acid corrodes you!
You are splashed with acid!
* * * LOW HITPOINT WARNING * * *
You block the quokka's attack.
You aren't carrying any items that you can evoke.
Jessica the Apprentice Sorceress comes into view.
She is wielding a +1 spectral club.
Jessica points at you and mumbles some strange words.
You feel yourself slow down.
Found a scroll labelled APLINT TAOLL.
The jelly barely misses you. The jelly hits you.
* * * LOW HITPOINT WARNING * * *
The acid corrodes you!
You are splashed with acid!
You die...

Skill      XL: |  1  2 |
---------------+-------+-----
Dodging        | 1 |  1.0
Fighting       | 3 |  3.4
Short Blades   | |  2.0
Throwing       | |  1.8
Stealth        | |  3.6
Shields        | |  0.9

Action                   || total
-------------------------++-------
Melee: Dagger            ||    91
       Falchion          ||     3
       Tailslap          ||     3
 Stab: Sleeping          ||     2
Armor: Skin              ||    24
Dodge: Dodged            ||    47
Block: Kite shield       ||     5

Levels and vault maps discovered:
D:1:      giann_horns, layout_basic
D:2:      layout_rooms, uniq_jessica

Notes
Turn   | Place    | Note
-------+----------+-------------------------------------------
     0 | D:1      | moonlapse the Draconian Brigand began the quest for the
                  | Orb.
     0 | D:1      | Reached XP level 1. HP: 17/17 MP: 1/1
    32 | D:1      | Reached skill level 1 in Dodging
   261 | D:1      | Reached XP level 2. HP: 20/25 MP: 2/2
   384 | D:1      | Reached skill level 3 in Fighting
  1044 | D:2      | Reached XP level 3. HP: 31/31 MP: 3/3
  1052 | D:2      | Noticed Jessica
  1056 | D:2      | Splashed by a jelly's acid

Vanquished Creatures
  A giant cockroach (D:1)
  8 goblins
  2 hobgoblins (D:1)
  3 jackals (D:1)
  2 kobolds (D:1)
  3 bats (D:1)
  A frilled lizard (D:1)
  6 rats (D:1)
26 creatures vanquished.

Table legend: (Time is in decaauts)
 A = Elapsed time spent in this place.
 B = Non-inter-level travel time spent in this place.
 C = Inter-level travel time spent in this place.
 D = Time resting spent in this place.
 E = Time spent auto-exploring this place.
 F = Levels seen in this place.
 G = Mean time per level.
                   A        B        C        D        E       F      G
               +--------+--------+--------+--------+--------+-----+--------+
         Total |   1050 |   1041 |      9 |    160 |    648 |   2 |  525.0 |
       Dungeon |   1050 |   1041 |      9 |    160 |    648 |   2 |  525.0 |
               +--------+--------+--------+--------+--------+-----+--------+

Top non-repeatable levels by time:
     D:1: 952 daAuts
     D:2: 98 daAuts

Table legend:
 A = Non-vault XP
 B = Vault XP
 C = Vault XP percentage of total XP
 D = Non-vault monster count
 E = Vault monster count
 F = Vault count percentage of total count
                 A         B        C        D         E       F
            +---------+---------+-------+---------+---------+-------
      Total |      41 |       0 |   0.0 |      26 |       0 |   0.0
            +---------+---------+-------+---------+---------+-------
        D:1 |      37 |       0 |   0.0 |      24 |       0 |   0.0
        D:2 |       4 |       0 |   0.0 |       2 |       0 |   0.0
            +---------+---------+-------+---------+---------+-------
